Get step-by-step instructions on how to execute this build order below. Start the game timer, and the build order will tick by so you can play in parallel with StarCraft on a second screen or mobile device.

Game Time

  0:00

Last Step

  N/A

Next Step

Upcoming Step



Don't want to look back and forth between 2 screens? Try out our Overwolf App, the Spawning Tool Build Advisor to get an in-game overlay with this build!

Complete Build Order

  12  0:02  Probe  
  13  0:14  Assimilator  
  13  0:15  Probe  
  14  0:27  Probe  
  15  0:46  Pylon  
  15  1:04  Probe (Chrono Boost)  
  15  1:08  Gateway  
  16  1:17  Probe (Chrono Boost)  
  18  1:25  Assimilator, Probe (Chrono Boost)  
  18  1:31  Probe (Chrono Boost)  
  18  1:33  Pylon  
  19  1:43  Probe (Chrono Boost)  
  20  1:49  Probe (Chrono Boost)  
  21  1:57  Cybernetics Core, Probe  
  22  2:20  Nexus  
  22  2:33  Pylon  
  22  2:36  Warp Gate  
  22  2:48  Robotics Facility, Pylon  
  22  2:51  Stalker  
  24  3:01  Probe  
  25  3:13  Probe  
  25  3:16  Gateway  
  25  3:18  Shield Battery  
  26  3:24  Stalker (Chrono Boost)  
  26  3:25  Probe  
  29  3:54  Immortal (Chrono Boost)  
  33  4:03  Gateway  
  33  4:06  Gateway  
  33  4:23  Immortal (Chrono Boost)  
  37  4:47  Stalker  
  37  4:48  Stalker  
  39  5:03  Stalker x2  
  43  5:14  Probe x2  
  45  5:26  Probe x2  
  47  5:37  Stalker x2  
  47  5:39  Probe (Chrono Boost)  
  47  5:41  Probe (Chrono Boost)  
  54  5:51  Probe (Chrono Boost)  
  54  5:55  Probe (Chrono Boost)  
  54  5:56  Probe (Chrono Boost)  
  55  5:58  Observer  
  55  6:03  Probe  
  58  6:05  Probe  
  59  6:15  Probe  
  59  6:16  Stalker  
  62  6:22  Nexus  
  62  6:24  Pylon  
  62  6:30  Gateway  
  62  6:34  Pylon  
  62  6:35  Pylon  
  62  6:39  Pylon  
  62  6:42  Probe x2, Pylon  
  64  6:48  Observer  
  65  6:55  Gateway  
  65  7:02  Gateway  
  65  7:05  Gateway  
  65  7:07  Forge  
  65  7:09  Assimilator  
  65  7:13  Assimilator  
  65  7:36  Stalker x3  
  71  7:37  Stalker x2  
  75  7:50  Probe  
  75  7:51  Probe x2  
  78  8:03  Probe x2  
  58  8:28  Stalker  
  58  8:29  Stalker x5  
  58  8:30  Stalker x2  
  68  8:39  Shield Battery  
  68  8:40  Shield Battery  
  64  8:42  Shield Battery  
  64  8:44  Pylon  
  62  8:52  Twilight Council  
  62  8:54  Protoss Ground Weapons Level 1 (Chrono Boost)  
  62  8:58  Stargate  
  62  9:00  Stalker x2  
  62  9:01  Stalker  
  68  9:04  Pylon  
  68  9:07  Probe (Chrono Boost)  
  69  9:14  Stalker  
  72  9:17  Stalker  
  72  9:18  Probe (Chrono Boost)  
  72  9:22  Stalker  
  72  9:23  Probe (Chrono Boost)  
  77  9:33  Probe  
  77  9:37  Charge (Chrono Boost)  
  78  9:46  Stalker, Probe  
  78  9:47  Stalker x3  
  78  9:52  Stalker  
  89  9:58  Probe  
  90  10:10  Nexus, Stalker, Probe  
  90  10:12  Stalker  
  95  10:16  Stalker  
  95  10:20  Stalker  
  99  10:24  Probe x3  
  102  10:36  Probe x3  
  105  10:48  Probe x2, Stalker x3  
  105  10:49  Stalker  
  115  10:50  Blink (Chrono Boost)  
  115  10:56  Zealot x2  
  119  10:57  Zealot  
  119  11:01  Assimilator  
  121  11:04  Zealot  
  121  11:06  Protoss Ground Weapons Level 2 (Chrono Boost)  
  123  11:23  Zealot  
  123  11:24  Zealot x5  
  135  11:27  Zealot  
  137  11:46  Stalker  
  137  11:47  Stalker x4  
  147  12:17  Nexus  
  147  12:18  Pylon  
  147  12:20  Pylon x3  
  147  12:21  Pylon  
  147  12:22  Pylon  
  147  12:36  Phoenix  
  63  12:58  Stalker  
  63  12:59  Stalker x6  
  63  13:00  Stalker  
  63  13:01  Phoenix  
  79  13:15  Assimilator  
  79  13:19  Assimilator  
  75  13:23  Gateway  
  71  13:27  Gateway  
  71  13:29  Gateway  
  71  13:31  Zealot x3  
  71  13:32  Zealot x4  
  68  13:44  Nexus  
  68  13:52  Zealot  
  68  13:53  Nexus, Zealot x4  
  68  13:54  Zealot  
  46  14:20  Stalker  
  46  14:21  Stalker x3